← All builds
Tech / Armada / Economy first / OBSERVED BUILD

Standard tech

Armada Tech (Eco) build order · Supreme Isthmus

Rushes T2 factory and Advanced Metal Extractor while sending the first T2 constructor to Geo, scaling team eco and mex upgrades through the full 15 minutes.

Usually first T2 con to Geo (84%)

#eco #t2 #team support · 901 distinct matches · 120 players · 60% of Armada Tech games · team won 53% of 1034 · Recently observed

HOW TO PLAY IT

Key timing: T2 factory by 4:15

  1. Open mex and wind, start bot lab right away.
  2. Get bot lab up and begin feeding early cons.
  3. Start advanced bot lab to rush T2 factory.
  4. Finish T2 factory and push advanced metal extractor by 5:29.
  5. Build Citadel, Platypus and Umbrella as anti-nuke defence transition.

Phase by phase

TYPICAL OF ITS 901 GAMES
  1. 1
  2. 2
  3. 3
  4. 4
PLAY THE OPENING

Follow the example game's first 6:00 step by step: what to build now, what comes next, and where it goes. At 1× it keeps pace with your own game.

  1. 1

    Up to the Bot Lab

    Economy
    • Metal Extractor3Mex
    • Wind Turbine4Wind
    Order
    1. Bot LabBot Lab after 3 mex, 4 winddone ~1:17, middle half 1:13–1:31

    By 1:01 in all: 3 mex · 4 wind

    The example game in this phase · 3 steps
    1. Mex ×3
    2. Wind ×3
    3. Bot LabBot Labdone 1:09 · typical 1:17
  2. 2

    Bot Lab to Advanced Bot Lab

    Economy
    • Metal Extractor1Mex
    • Wind Turbine8Wind
    • Energy Storage1Energy storage
    Order
    1. Advanced Bot LabAdvanced Bot Lab after 4 mex, 12 wind, 3 con turretdone ~4:15, middle half 4:04–4:28
    Builders
    • Construction Turret3 Con turret
    • Lazarus3 Lazarus
    • Construction Bot2 Con bot
    • Construction Bot1 Con bot for allies

    Some games also: converter (35%)

    By 3:19 in all: 4 mex · 12 wind · 1 energy storage · 3 con turret

    The example game in this phase · 16 steps
    1. Wind
    2. Construction BotCon bot
    3. Wind ×2
    4. LazarusLazarus
    5. Wind ×3
    6. LazarusLazarus
    7. Mex
    8. Construction BotCon bot
    9. Wind
    10. LazarusLazarus
    11. Energy storage
    12. Con turret
    13. Wind
    14. Con turret
    15. Wind
    16. Advanced Bot LabAdvanced Bot Labdone 3:45 · typical 4:15
  3. 3

    Advanced Bot Lab to 5:00

    Economy
    • Wind Turbine2Wind
    Order
    1. Bot LabEat Bot Lab
    Builders
    • Advanced Construction Bot1 T2 con bot for allies

    Some games also: converter (35%)

    By 5:00 in all: 4 mex · 15 wind · 2 converter · 1 energy storage · 3 con turret

    The example game in this phase · 7 steps
    1. Bot LabEat Bot Labreclaimed for its metal
    2. Wind ×3
    3. Advanced Construction BotT2 con botfor Air
    4. Advanced Metal ExtractorT2 mexdone 4:47 · typical 5:29
    5. Wind
    6. Advanced Metal ExtractorT2 mex
    7. Wind ×2
  4. 4

    5:00 to 10:00

    Economy
    • Wind Turbine44Wind
    • Energy Converter6Converter
    Builders
    • Butler8 Butler
    • Advanced Construction Bot4 T2 con bot for allies
    • Advanced Construction Bot1 T2 con bot

    Some games also: con turret (49%) · Butler for allies (37%)

    By 10:00 in all: 4 mex · 59 wind · 8 converter · 1 energy storage · 3 con turret

    The example game in this phase · 260 steps
    1. Advanced Construction BotT2 con botfor Geo
    2. Wind
    3. Advanced Metal ExtractorT2 mex
    4. Wind ×2
    5. Advanced Construction BotT2 con bot
    6. GunslingerGunslingernot finished by 15:00
    7. Advanced Construction BotT2 con botfor Pond
    8. Wind
    9. ButlerButler ×2
    10. Wind
    11. Advanced Metal ExtractorT2 mex
    12. ButlerButler ×2
    13. GunslingerGunslingerfor Suicide front
    14. Wind ×2
    15. ButlerButler
    16. Wind ×2
    17. ButlerButler
    18. Wind ×2
    19. ButlerButler
    20. Wind ×2
    21. ButlerButler
    22. Wind ×3
    23. ButlerButler
    24. Wind ×2
    25. ButlerButler
    26. Wind ×5
    27. Advanced Construction BotT2 con botfor Geo sea
    28. Wind ×4
    29. Converter
    30. Wind ×3
    31. Converter
    32. Wind ×5
    33. Converter
    34. ButlerButler
    35. Wind ×3
    36. Converter
    37. Wind ×3
    38. Converter
    39. Wind ×2
    40. Converter
    41. Wind ×3
    42. Converter ×2
    43. Wind ×3
    44. Converter
    45. Wind ×2
    46. Converter
    47. Wind
    48. Converter
    49. Wind ×2
    50. Converter
    51. Wind
    52. Converter
    53. Wind ×5
    54. Converter ×2
    55. Wind ×3
    56. Converter ×2
    57. Wind ×3
    58. Converter
    59. Wind
    60. Converter
    61. Wind
    62. Converter
    63. Wind ×2
    64. Advanced Construction BotT2 con botfor Beach sea
    65. Wind
    66. Converter
    67. Wind
    68. Converter
    69. Wind ×3
    70. Converter
    71. Wind ×5
    72. Converter
    73. Wind
    74. Converter
    75. ButlerButler
    76. Wind ×2
    77. Converter
    78. Wind ×2
    79. Converter
    80. Wind
    81. ButlerButlerfor Front
    82. Wind
    83. Converter
    84. Wind ×2
    85. Converter
    86. ButlerButler
    87. Wind ×3
    88. Converter ×2
    89. Wind
    90. ButlerButlerfor Front
    91. Wind ×3
    92. Converter
    93. Wind
    94. Converter
    95. ButlerButler
    96. Wind ×3
    97. Converter
    98. Wind
    99. Converter
    100. ButlerButler
    101. Wind ×3
    102. Converter
    103. Wind ×3
    104. Converter ×2
    105. Wind ×4
    106. Converter ×2
    107. Wind ×3
    108. Converter
    109. Wind
    110. ButlerButler
    111. Wind
    112. Converter
    113. Wind ×4
    114. ButlerButler
    115. Converter
    116. Wind ×6
    117. ButlerButlerfor Suicide front
    118. Wind
    119. Converter ×2
    120. Wind ×4
    121. Metal storage
    122. Advanced Construction BotT2 con botfor Suicide front
    123. Wind ×4
    124. Converter
    125. Wind ×3
    126. Converter
    127. Wind ×3
    128. Converter
    129. Wind ×3
    130. Converter
    131. Wind
    132. ButlerButlerfor Front
    133. Wind ×2
    134. Converter
    135. Wind ×3
    136. ButlerButlerfor Front
    137. Converter
    138. Wind ×4
    139. Converter
    140. Wind ×2
    141. ButlerButlerfor Front
    142. Wind
    143. Con turret
    144. Converter
    145. Wind ×3
    146. Converter
    147. Wind ×5
    148. Advanced Construction BotT2 con botfor Front
    149. Converter
    150. Wind ×2
    151. Con turret
    152. Converter
    153. Wind ×5
    154. Converter ×2
    155. Wind ×2
    156. Con turret
    157. Wind ×5
    158. Converter
    159. Wind
    160. Converter
    161. Wind ×5
    162. Converter
    163. Wind ×2
    164. Converter
    165. Wind ×4
    166. Converter
    167. Wind
    168. Converter
    169. Wind ×4
    170. Advanced Construction BotT2 con bot
    171. Wind
    172. Converter
    173. Wind ×4
    174. Converter
    175. Wind
    176. Converter
    177. Wind ×3
    178. Experimental GantryExperimental Gantrydone 14:37
    179. Wind ×3
    180. Converter
    181. Wind
    182. Con turret
    183. Converter
    184. Wind ×4
    185. SharpshooterSniper botdone 13:12
    186. Wind
    187. Converter
    188. Wind ×3
    189. Converter
    190. Wind ×4
    191. Converter
    192. Wind
    193. Converter
    194. Wind ×4
    195. Converter ×2
    196. Wind ×4
    197. Converter
    198. Wind ×4
    199. Converter
    200. Wind
    201. SharpshooterSniper bot
    202. Converter
    203. Wind
    204. Converter
    205. Wind ×2
    206. Converter
    207. Wind ×2
    208. Converter
    209. Wind ×2
    210. Converter
    211. Wind
    212. Converter
    213. Wind ×3
    214. Converter
    215. Wind
    216. Converter
    217. Wind ×2
    218. Converter ×2
    219. Wind ×3
    220. Converter
    221. Wind
    222. Converter
    223. Wind ×2
    224. Converter
    225. Wind
    226. Converter
    227. Wind ×4
    228. Converter
    229. Wind ×2
    230. Converter
    231. Wind ×4
    232. Converter
    233. Wind ×2
    234. Converter
    235. Wind ×5
    236. Converter ×2
    237. Wind ×7
    238. Converter ×2
    239. Wind ×2
    240. Advanced Bot LabEat Advanced Bot Labreclaimed for its metal
    241. Wind ×4
    242. Converter
    243. Wind ×2
    244. Converter
    245. MarauderMarauderdone 14:48
    246. Wind ×4
    247. Converter
    248. Wind ×4
    249. Converter
    250. Wind ×3
    251. Converter
    252. Wind
    253. MarauderMarauder
    254. Converter
    255. Wind ×4
    256. Converter
    257. Wind ×3
    258. Converter
    259. Wind
    260. MarauderMarauder

Counts are medians over the build's games: half of them build more, half fewer. The example game is [NWP]1347's (37 OS, 08/10/2026); pick another.

Team trades

IN AT LEAST 30% OF ITS GAMES

You hand over

  • Construction Bot1 Con bot to Airfirst at 2:22 · in 87% of games
  • Advanced Construction Bot5 T2 con bot to Air or Geo sea or Pondfirst at 4:48 · in 99% of games
  • Sharpshooter2 Sniper bot to Pondfirst at 5:23 · in 32% of games
  • Butler2 Butler to Geo sea or Beach sea or Pondfirst at 9:05 · in 42% of games

You get

  • Hercules1 Light transport from Airfirst at 4:00 · in 85% of games

How it plays out

Typical game of this build, running totals by minute

Metal produced

020k40k
0:005:0010:0015:00

metal

Enemy metal destroyed

0100200300
0:005:0010:0015:00

metal

Own metal lost

0100200300
0:005:0010:0015:00

metal

1034 games.

Show as table
ByMetal produced: This buildEnemy metal destroyed: This buildOwn metal lost: This build
1:0038300
2:0091600
3:00164500
4:00316200
5:00486400
6:00580800
7:00723600
8:00911000
9:001125000
10:001358800
11:001643300
12:001999100
13:002375900
14:00276067381
15:0031704295204
WHAT THE NUMBERS SAY

This is the role's textbook T2 rush, posting the highest metal production of any build shown (31617 by 15:00) with almost no early losses.

  • + T2 factory done by 4:15 in 97% of games, extremely consistent.
  • + Own metal lost is only 228 by 15:00, near untouched economy.
  • − Team win rate is the lowest of all builds shown at 53%, fast eco alone doesn't decide games.
THE EXAMPLE YOU ARE READING

[NWP]1347

37.5 OS · 08/10/2026

Open source match ↗

1 received units
4388 metal received · 92604 energy received

Allied construction assistance is unknown. Timings are observations, not a promise of solo reproducibility.

Typical milestones

Bot Lab1:17Middle 50%: 1:13–1:31 · n=1034
Advanced Bot Lab4:15Middle 50%: 4:04–4:28 · n=1028
Advanced Metal Extractor5:29Middle 50%: 5:06–5:59 · n=1032

Played most by

Amrissa100games of this buildKOT_45games of this buildSyphos42games of this buildAdeus39games of this buildWashedGamuer39games of this build
Standard tech · Armada Tech (Eco) build order · BAR Build Atlas